 Seeded DCSS version 0.27.1-3-gb3d3a73c9e (webtiles) character file.

Game seed: 20211023 (custom seed)

56 abrahamlauer the Ducker (level 3, -3/27 HPs)
             Began as a Vampire Gladiator on Oct 27, 2021.
             Hit by a stone thrown by a gnoll (5 damage)
             ... on level 8 of the Dungeon.
             The game lasted 00:04:54 (1357 turns).

abrahamlauer the Ducker (Vampire Gladiator)         Turns: 1357, Time: 00:04:54

Health: -3/27      AC:  4    Str: 13    XL:     3   Next: 71%
Magic:  3/3        EV: 13    Int: 10    God:
Gold:   64         SH:  0    Dex: 16    Spells: 2/2 levels left

rFire    . . .     SeeInvis +   a - +0 rapier
rCold    . . .     Faith    .   (no shield)
rNeg     . . .     Spirit   .   b - +0 leather armour
rPois    .         Reflect  .   c - +0 helmet
rElec    .         Harm     .   (no cloak)
rCorr    .         Rampage  .   (no gloves)
Will     .....                  (no boots)
Stlth    +.........             (no amulet)
HPRegen  0.29/turn              (no ring)
MPRegen  0.08/turn              (no ring)

@: healing quickly
A: alive, fangs 3, see invisible, vampiric 2
a: Exsanguinate


You were on level 8 of the Dungeon.
You visited 1 branch of the dungeon, and saw 6 of its levels.

You collected 64 gold pieces.

Inventory:

Hand Weapons
 a - a +0 rapier (weapon)
Missiles
 d - 2 throwing nets (quivered)
 f - 120 stones
Armour
 b - a +0 leather armour (worn)
 c - a +0 helmet (worn)
Potions
 e - a potion of curing {unknown}
 g - 2 potions of lignification {unknown}
 h - a potion of attraction {unknown}


   Skills:
 + Level 2.0 Fighting
 + Level 4.0 Short Blades
 + Level 1.7 Throwing
 + Level 0.5 Armour
 + Level 4.1 Dodging


You had 2 spell levels left.
You didn't know any spells.
Your spell library contained the following spells:

 Spells                   Type           Power      Damage    Failure   Level
 Magic Dart               Conj           0%         1d3       43%         1
 Call Imp                 Summ           0%         N/A       58%         2
 Corpse Rot               Necr/Air       N/A        N/A       58%         2
 Mephitic Cloud           Conj/Pois/Air  0%         N/A       82%         3
 Dispel Undead            Necr           0%         3d6       99%         4
 Death Channel            Necr           0%         N/A       100%        6
 Borgnjor's Revivificati  Necr           Unusable   N/A       N/A         8
 Necromutation            Tmut/Necr      Unusable   N/A       N/A         8
 Death's Door             Necr           Unusable   N/A       N/A         9

Dungeon Overview and Level Annotations

Branches:
Dungeon (5/15)
 Temple: D:4-7

Altars:


Innate Abilities, Weirdness & Mutations

Your natural rate of healing is accelerated.
You have razor-sharp teeth.
You have supernaturally acute eyesight. (SInv)
You are afflicted with vampirism and can become a bat while bloodless.


Message History

An electric eel comes into view.
You closely miss the hound. The hound bites you.
The gnoll throws a throwing net.
The throwing net hits you.
You become entangled in the net!
The gnoll throws a stone.
The stone barely misses you.
You struggle against the net.
The hound bites you. x2
You tear a large gash into the net.
The hound barely misses you.
The gnoll throws a stone.
The stone hits you.
You rip the net and break free!
The hound bites you.
The gnoll throws a stone.
The stone misses you. The hound closely misses you.
You hit the hound. Your bite misses the hound.
The hound is lightly wounded.
The hound bites you.
The gnoll throws a throwing net.
The throwing net barely misses you.
You closely miss the hound.
The hound is lightly wounded.
The hound bites you but does no damage.
The gnoll throws a stone.
The stone barely misses you. The hound barely misses you.
You barely miss the hound. Your bite misses the hound.
The hound is lightly wounded.
The hound bites you.
You hit the hound.
The hound is heavily wounded.
The hound bites you. The hound misses you.
You hit the hound.
The hound is heavily wounded.
The hound bites you.
You miss the hound.
The hound is heavily wounded.
The hound bites you.
* * * LOW HITPOINT WARNING * * *
The gnoll throws a stone.
The stone hits you.
* * * LOW HITPOINT WARNING * * *
The hound bites you.
* * * LOW HITPOINT WARNING * * *
Unknown command.
You hit the hound. You bite the hound.
The hound is almost dead.
The hound closely misses you.
The gnoll throws a stone.
The stone hits you.
You die...

...≈..#
..≈..#
#.≈..#
##.≈.. .
##.g≈.#
..##.gg≈.#
....h≈≈;h#
#..g≈≈..@#
#...≈...##
....≈..##
....≈..
...≈≈..
≈≈≈≈..#
......
######


You could see 2 hounds, an electric eel and 4 gnolls.

Vanquished Creatures
  3 dart slugs (D:1)
  5 endoplasms
  3 giant cockroaches (D:1)
  4 goblins
  4 hobgoblins (D:2)
  7 jackals
  3 kobolds
  A quokka (D:1)
  4 ball pythons
  3 bats
  2 frilled lizards (D:1)
  6 rats
45 creatures vanquished.

Vanquished Creatures (others)
  A plant (D:3)
1 creature vanquished.

Grand Total: 46 creatures vanquished

Notes
Turn   | Place    | Note
-------+----------+-------------------------------------------
     0 | D:1      | abrahamlauer the Vampire Gladiator began the quest for the
                  | Orb.
     0 | D:1      | Reached XP level 1. HP: 16/16 MP: 1/1
   115 | D:1      | Found a faded altar of an unknown god.
   205 | D:1      | Reached XP level 2. HP: 22/22 MP: 2/2
   657 | D:1      | Gained mutation: You are afflicted with vampirism and can
                  | become a bat while bloodless. [Vampire growth]
   657 | D:1      | Reached XP level 3. HP: 24/27 MP: 3/3
  1339 | D:5      | Entered Level 5 of the Dungeon
  1344 | D:5      | You fall into a shaft and drop 3 floors!
  1356 | D:8      | HP: 1/27 [hound (3)]
  1357 | D:8      | Hit by a stone thrown by a gnoll

Illustrated notes

Levels and vault maps discovered:
D:1:      dpeg_arrival_prison, layout_rooms, ebering_ecumenical_altar_abandoned,
          hangedman_decor_growths, columned_hall_lemuel
D:2:      layout_rooms
D:3:      layout_basic, mainiacjoe_overflow_boulevard, amcnicky_mini_pool_small
D:4:      layout_loops_ring, overflow_temple_1_default, grunt_decor_clamped,
          uniq_crazy_yiuf_cottage, uniq_blork_the_orc
D:5:      layout_rooms, doesnt_xom_only_xom
D:8:      layout_cave_pools, serial_gnoll_camp, gnoll_camp_mini_house,
          gnoll_camp_huts_moat, gnoll_camp_medium_01, gnoll_camp_mini_basic,
          serial_shops, nicolae_diamond_shop

Skill      XL: |  1  2  3 |
---------------+----------+-----
Fighting       | 2 |  2.0
Short Blades   | 4 |  4.0
Dodging        | 4 |  4.1
Throwing       | |  1.7
Armour         | |  0.5

Action                   || total
-------------------------++-------
Melee: Rapier            ||   155
       Bite              ||    11
Throw: Throwing net      ||     1
Armor: Leather armour    ||    88
Dodge: Dodged            ||   211
